 Dungeon Crawl Stone Soup version 0.30.1-9-gdf580d7c3d (webtiles) character file.

Game seed: 7466635318558142671

12231 SuperSeabass the Jinx (level 11, -8/60 HPs)
             Began as a Vine Stalker Enchanter on Oct 10, 2023.
             Was an Elder of Ashenzari.
             Mangled by a cane toad (17 damage)
             ... on level 2 of the Lair of Beasts.
             The game lasted 00:57:50 (12286 turns).

SuperSeabass the Jinx (Vine Stalker Enchanter)     Turns: 12286, Time: 00:57:50

Health: -8/60      AC:  8    Str: 13    XL:     11   Next: 90%
Magic:  0/23       EV: 14    Int: 23    God:    Ashenzari [****..]
Gold:   478        SH:  5    Dex: 15    Spells: 17/25 levels left

rFire   . . .        a - +1 dagger "I Foresaw This" {drain, Alch, Elem} (curse)
rCold   + . .        Q - +0 buckler "Chained With Me" {Self, Evo} (curse)
rNeg    . . .        S - +0 leather armour of the Chained Sage {Alch, Fort} (curse)
rPois   .            v - +1 hat "I Knew You'd Do That" {Alch, Cun} (curse)
rElec   .            F - +2 cloak of the Elysian Augur {Melee, Range} (curse)
rCorr   .            (no gloves)
SInv    +            P - +0 pair of boots of the Prophetic Chagrin {Comp, Range} (curse)
Will    +....        (no amulet)
Stlth   ++++         I - ring "Yoke of the Astral Sage" {Int+6, Bglg, Evo} (curse)
HPRegen 1.10/turn    C - ring of protection from cold
MPRegen 0.18/turn

%: clarity, guardian spirit
@: confusing by touch
A: fangs 3, regeneration 1, magic shield, antimagic bite, no potion heal 2
a: Renounce Religion, Curse Item, Shatter the Chains


You were on level 2 of the Lair of Beasts.
You worshipped Ashenzari.
Ashenzari was greatly pleased with you.
You visited 2 branches of the dungeon, and saw 12 of its levels.

You collected 653 gold pieces.
You spent 175 gold pieces at shops.

Inventory:

Hand Weapons
 a - the cursed +1 dagger "I Foresaw This" (weapon) {drain, Alch, Elem}
   (You took it off an orc priest on level 7 of the Dungeon)

   It has a curse which improves the following skills: Alchemy: Poison Magic and
   Transmutations.
   Elements:  Fire Magic, Ice Magic, Air Magic and Earth Magic.
 b - a +1 dagger of flaming
 K - a +1 dagger of electrocution
Missiles
 e - 39 poisoned darts
 t - 2 throwing nets
 B - 2 boomerangs
 J - 6 silver javelins
 U - 4 curare-tipped darts
Armour
 j - a scarf of invisibility
 v - the cursed +1 hat "I Knew You'd Do That" (worn) {Alch, Cun}
   (You found it on level 3 of the Dungeon)

   It has a curse which improves the following skills: Alchemy: Poison Magic and
   Transmutations.
   Cunning:   Dodging and Stealth.
 w - a +0 helmet
 F - the cursed +2 cloak of the Elysian Augur (worn) {Melee, Range}
   (You bought it in a shop on level 5 of the Dungeon)

   It has a curse which improves the following skills: Melee Combat: Short
   Blades, Long Blades, Axes, Maces & Flails, Polearms, Staves and Unarmed
   Combat.
   Ranged Combat: Ranged Weapons and Throwing.
 H - a +0 robe
 P - the cursed +0 pair of boots of the Prophetic Chagrin (worn) {Comp, Range}
   (You found it on level 1 of the Dungeon)

   It has a curse which improves the following skills: Companions: Summonings
   and Necromancy.
   Ranged Combat: Ranged Weapons and Throwing.
 Q - the cursed +0 buckler "Chained With Me" (worn) {Self, Evo}
   (You found it on level 9 of the Dungeon)

   It has a curse which improves the following skills: Introspection: Fighting
   and Spellcasting.
   Evocations: Evocations.
 S - the cursed +0 leather armour of the Chained Sage (worn) {Alch, Fort}
   (You took it off a kobold on level 1 of the Dungeon)

   It has a curse which improves the following skills: Alchemy: Poison Magic and
   Transmutations.
   Fortitude: Armour and Shields.
Jewellery
 A - a +4 ring of protection
 C - a ring of protection from cold (right hand)
 I - the cursed ring "Yoke of the Astral Sage" (left hand) {Int+6, Bglg, Evo}
   (You found it on level 1 of the Dungeon)

   [ring of intelligence]

   Int:       It affects your intelligence (+6).
   It has a curse which improves the following skills: Beguiling: Conjurations,
   Hexes and Translocations.
   Evocations: Evocations.
Wands
 d - a wand of digging (16)
 f - a wand of flame (10)
 i - a wand of roots (11)
 r - a wand of light (15)
 z - a wand of paralysis (4)
Scrolls
 g - 6 scrolls of poison
 k - a scroll of vulnerability
 m - 3 scrolls of brand weapon
 n - 3 scrolls of magic mapping
 q - 2 scrolls of immolation
 s - 6 scrolls of teleportation
 u - a scroll of butterflies
 D - 2 scrolls of fear
 E - a scroll of enchant armour
 G - a scroll of blinking
 L - a scroll of torment
 M - a scroll of enchant weapon
 T - a scroll of amnesia
Potions
 c - 2 potions of invisibility
 h - 2 potions of lignification
 l - 3 potions of flight
 o - a potion of magic
 p - 4 potions of attraction
 x - 2 potions of brilliance
 N - 2 potions of mutation
 R - a potion of haste
Miscellaneous
 O - a piece from Xom's chessboard (15/15)


   Skills:
 * Level 6.7(8.6) Fighting
 + Level 7.8(9.7) Short Blades
 + Level 2.2(3.6) Armour
 + Level 5.5(7.3) Dodging
 - Level 8.1(10.0) Stealth
 + Level 3.1(4.7) Shields
 - Level 6.0(7.8) Spellcasting
 + Level 10.4(12.2) Hexes


You had 17 spell levels left.
You knew the following spells:

 Your Spells              Type           Power      Damage    Failure   Level
c - Confusing Touch       Hex            60%        N/A       1%          3
h - Ensorcelled Hibernat  Hex/Ice        74%        N/A       1%          2
t - Tukima's Dance        Hex            60%        N/A       1%          3

Your spell library contained the following spells:

 Spells                   Type           Power      Damage    Failure   Level
 Dazzling Flash           Conj/Hex       74%        N/A       2%          3
 Portal Projectile        Hex/Tloc       74%        N/A       2%          3
 Leda's Liquefaction      Hex/Erth       18%        N/A       9%          4
 Scorch                   Fire           20%        2d6       16%         2
 Call Canine Familiar     Summ           10%        N/A       32%         3
 Gell's Gravitas          Tloc           10%        N/A       32%         3
 Teleport Other           Tloc           10%        N/A       32%         3
 Animate Armour           Summ/Erth      20%        N/A       71%         4
 Flame Wave               Conj/Fire      10%        2d6       71%         4
 Blade Hands              Tmut           5%         N/A       95%         5
 Discord                  Hex            30%        N/A       99%         8
 Conjure Ball Lightning   Conj/Air       5%         3x3d6     100%        6
 Dispersal                Tloc           5%         N/A       100%        6
 Iron Shot                Conj/Erth      5%         9d2       100%        6
 Summon Cactus Giant      Summ           5%         N/A       100%        6
 Disjunction              Tloc           5%         N/A       100%        8


Dungeon Overview and Level Annotations

Branches:
Dungeon (10/15)            Temple (0/1) D:7            Lair (2/5) D:10
  Swamp: Lair:2-3    Shoals: Lair:2-3     Snake: Lair:2-3    Spider: Lair:2-3
    Orc: D:9-12

Altars:
Ashenzari
Cheibriados
Dithmenos
Elyvilon
Fedhas
Gozag
Makhleb
Okawaru
Sif Muna
Zin

Shops:
D:4 (   D:5 [(?   D:10 *

Annotations:
D:9 exclusions: 2 doors and sensed monster (detected)
D:10 3 runed translucent doors, exclusions: deep elf pyromancer, 3 doors, obsidian statue and 1 more exclusion, danielguo94's ghost, journeyman GrFi


Innate Abilities, Weirdness & Mutations

You have razor-sharp teeth.
Your natural rate of healing is unusually fast.
When hurt, damage is shared between your health and your magic reserves.
Your bite disrupts and absorbs the magic of your enemies.
Potions cannot restore your health.


Message History

The black mamba is heavily wounded.
You feel sick.
You hit the black mamba but do no damage.
The black mamba is heavily wounded.
You feel sick.
You feel sick.
You feel sick.
You feel sick.
You feel sick.
You feel sick.
You feel sick.
Search for what [? for help]? rpois Can't find anything matching that.
Unknown command.
You feel sick.
You feel sick.
You are no longer poisoned.
A cane toad comes into view.
The cane toad croaks.
The cane toad closely misses you.
Casting: Confusing Touch (safe; 1% risk of failure)
Press: ? - help, Q - select action, (/) - cycle Dir - look around, f - activate Your hands begin to glow red.
The cane toad stings you! The cane toad stings you!!
* * * LOW HITPOINT WARNING * * *
You are poisoned.
The cane toad poisons you!
You hit the cane toad but do no damage.
You feel very sick.
Your system rejects the healing.
You feel better. The cane toad stings you.
You hit the cane toad but do no damage. You bite the cane toad!
You drain its power.
You feel invigorated.
The cane toad is lightly wounded.
The cane toad stings you!
* * * LOW HITPOINT WARNING * * *
You are lethally poisoned!
The cane toad poisons you!
Your system rejects the healing.
You feel better. The cane toad stings you!!
* * * LOW MAGIC WARNING * * *
You die...

, , ...# ##...⌠...# ,, ,
* ,*,, ,... ##........*
..* , ,, .,.#
####...###... ##.,# ,
,#. #.#...## *....D. .#
, ,,..P *##....# * #..⌠
.. *,,....,,#...### *
#.,.#* * ,,
.....,#.....### *.#..###
, , ,,
......#..#...P###......#
** ,,*,, #.@.#.......S.#
* * * , ,
#....F.######.....#** *,
...##.....#* ♣♣.P♣...# #
*##.###.# *♣.♣♣*...# *
*.# * ## P~♣ #.# * ..
♣~P *,. ##*, , *~~P** **
* * ~~ ~..~♣ **, ~ ~ ,
,,


You could see a cane toad.

Vanquished Creatures
  Pikel (D:7)
  An oklob plant (D:10)
  4 cane toads (Lair:1)
  3 komodo dragons
  A troll (D:10)
  5 blink frogs (Lair:1)
  Prince Ribbit (D:8)
  A shadow (D:10)
  26 yaks
  5 water moccasins
  An orc warrior (D:8)
  A swamp drake (D:9)
  3 black bears
  An ice beast (D:6)
  3 wolves (Lair:1)
  3 ogres
  A centaur (D:8)
  A lemure (D:8)
  A phantom (D:6)
  3 kobold brigands
  2 bullfrogs (Lair:1)
  A gnoll sergeant (D:8)
  A scorpion (D:4)
  15 wights
  4 howler monkeys (D:8)
  An electric eel (Lair:1)
  A gnoll bouda (D:6)
  5 orc priests
  2 jellies
  3 sleepcaps
  An iron imp (D:9)
  Terence (D:2)
  6 iguanas
  14 orc wizards
  8 adders
  17 gnolls
  2 shadow imps
  3 white imps
  An ufetubus (D:7)
  2 worms (D:3)
  2 dart slugs
  28 orcs
  6 ball pythons
  9 endoplasms
  5 giant cockroaches
  10 goblins
  12 hobgoblins
  2 jackals (D:3)
  4 quokkas
  3 bats
  A frilled lizard (D:3)
  20 kobolds
  5 rats
263 creatures vanquished.

Vanquished Creatures (others)
  3 orcs (D:9)
3 creatures vanquished.

Grand Total: 266 creatures vanquished

Notes
Turn   | Place    | Note
-------+----------+-------------------------------------------
     0 | D:1      | SuperSeabass the Vine Stalker Enchanter began the quest for
                  | the Orb.
     0 | D:1      | Reached XP level 1. HP: 9/9 MP: 4/4
    67 | D:1      | Reached skill level 1 in Short Blades
    92 | D:1      | Found a faded altar of an unknown god.
   227 | D:1      | Reached XP level 2. HP: 13/13 MP: 6/6
   236 | D:1      | Learned a level 2 spell: Ensorcelled Hibernation
   662 | D:1      | Reached XP level 3. HP: 14/16 MP: 5/7
   667 | D:1      | Learned a level 3 spell: Confusing Touch
   984 | D:2      | Noticed Terence
  2094 | D:3      | Gained mutation: Your natural rate of healing is unusually
                  | fast. [Vine Stalker growth]
  2094 | D:3      | Reached XP level 4. HP: 14/21 MP: 6/9
  2546 | D:3      | Reached skill level 4 in Hexes
  2599 | D:3      | Reached XP level 5. HP: 24/24 MP: 6/10
  3261 | D:4      | Found a broken altar of Ashenzari.
  3269 | D:4      | Noticed an ogre
  3272 | D:4      | Became a worshipper of Ashenzari the Shackled
  3315 | D:4      | Found Ganwudia's Antique Weapon Boutique.
  3334 | D:4      | Reached skill level 5 in Stealth
  3334 | D:4      | Reached XP level 6. HP: 28/28 MP: 9/12
  3436 | D:4      | Found a blossoming altar of Fedhas.
  3583 | D:4      | Noticed a black bear
  3617 | D:3      | Killed a black bear
  3618 | D:3      | Reached skill level 5 in Hexes
  3710 | D:4      | Reached XP level 7. HP: 32/32 MP: 10/13
  4024 | D:4      | Found a white marble altar of Elyvilon.
  4056 | D:4      | Found a burning altar of Makhleb.
  4101 | D:5      | Entered Level 5 of the Dungeon
  4698 | D:5      | Found an opulent altar of Gozag.
  4855 | D:5      | Found Jeadof's Magic Scroll Emporium.
  4856 | D:5      | Found Irphouq's Weapon Shop.
  4857 | D:5      | Found Telawa Gale's Armour Shop.
  4861 | D:5      | Reached * piety under Ashenzari
  4866 | D:5      | Bought a +0 cloak for 63 gold pieces
  4878 | D:5      | Bought a scroll of butterflies for 56 gold pieces
  4878 | D:5      | Bought a scroll of fear for 56 gold pieces
  5184 | D:6      | Reached skill level 6 in Hexes
  5279 | D:6      | Gained mutation: You have razor-sharp teeth. [Vine Stalker
                  | growth]
  5279 | D:6      | Reached XP level 8. HP: 36/36 MP: 12/15
  5440 | D:6      | Reached ** piety under Ashenzari
  6005 | D:6      | Reached skill level 7 in Hexes
  6059 | D:6      | Reached skill level 5 in Spellcasting
  6537 | D:6      | Reached *** piety under Ashenzari
  6923 | D:2      | Killed Terence
  7098 | D:7      | Found an iron altar of Okawaru.
  7257 | D:7      | Reached XP level 9. HP: 39/39 MP: 18/18
  7405 | D:7      | Found a staircase to the Ecumenical Temple.
  7420 | D:7      | Noticed a komodo dragon
  7513 | D:7      | Reached **** piety under Ashenzari
  7742 | D:7      | Reached skill level 8 in Hexes
  7766 | D:7      | Reached skill level 1 in Fighting
  7766 | D:7      | Reached skill level 5 in Short Blades
  8111 | D:7      | Killed a komodo dragon
  8313 | D:8      | Noticed Pikel
  8332 | D:7      | Killed Pikel
  8469 | D:8      | Reached XP level 10. HP: 38/47 MP: 15/20
  8911 | D:8      | Found a shimmering blue altar of Sif Muna.
  9072 | D:8      | Reached skill level 9 in Hexes
  9490 | D:9      | Noticed Prince Ribbit
  9630 | D:8      | Killed Prince Ribbit
  9863 | D:9      | Found a snail-covered altar of Cheibriados.
  9865 | D:9      | Found a glowing silver altar of Zin.
 10014 | D:9      | Learned a level 3 spell: Tukima's Dance
 10340 | D:10     | Entered Level 10 of the Dungeon
 10350 | D:10     | Found a shadowy altar of Dithmenos.
 10434 | D:10     | Found a staircase to the Lair.
 10434 | D:10     | Noticed an oklob plant
 10540 | D:10     | Reached XP level 11. HP: 52/58 MP: 23/23
 10554 | D:10     | Reached skill level 5 in Fighting
 10554 | D:10     | Reached skill level 1 in Shields
 10700 | D:10     | Noticed a deep elf pyromancer
 10809 | D:10     | Found a runed translucent gate.
 10810 | D:10     | Found a runed translucent gate.
 10810 | D:10     | Found an opulent altar of Gozag.
 10810 | D:10     | Noticed an obsidian statue
 10811 | D:10     | Found a runed translucent gate.
 10836 | D:10     | Found Tottic's Assorted Antiques.
 10837 | D:10     | Noticed danielguo94's ghost (journeyman GrFi)
 10837 | D:10     | Noticed an ogre mage
 10944 | D:10     | Noticed a purple ugly thing
 11016 | D:10     | Killed an oklob plant
 11067 | Lair:1   | Entered Level 1 of the Lair of Beasts
 11087 | Lair:1   | Reached skill level 5 in Dodging
 11087 | Lair:1   | Reached skill level 10 in Hexes
 11270 | Lair:1   | Reached skill level 1 in Armour
 12268 | Lair:2   | Noticed a four-headed hydra
 12286 | Lair:2   | Mangled by a cane toad

Illustrated notes

Levels and vault maps discovered:
D:1:      tarquinn_simple_flora_water_f, layout_basic,
          shapermc_ecumenical_altar_mp_urbaneastern, minmay_tromino_v7
D:2:      layout_basic, minmay_cut_off, uniq_terence
D:3:      layout_rooms, grunt_ministairs_2, minmay_misc_feat_rugged
D:4:      layout_cave_pools, mainiacjoe_overflow_two_lobes,
          mainiacjoe_overflow_cross_hatched, fedhas_altar_1, serial_shops, shop,
          small_statue_intersection
D:5:      layout_basic, lemuel_crystal_altar, nicolae_wooded_promenade
D:6:      layout_layer_cave, amcnicky_mini_pool_small
D:7:      layout_gridville, kennysheep_okawaru_gauntlet,
          minmay_temple_entry_junction_2, hangedman_decor_growths
D:8:      layout_loops_cross, lemuel_doored_altar, uniq_pikel
D:9:      layout_cave_pools, chequers_temple_overflow_statue_of_worship,
          hangedman_minor_magic, uniq_prince_ribbit1
D:10:     minmay_the_grid_octo_triangle [minmay_the_grid_octo_thin_diamonds,
          minmay_the_grid_octo_prize_square_snowflake,
          minmay_the_grid_octo_teeth], layout_loops_ring,
          mainiacjoe_overflow_brackets, dpeg_oklobed_lair, ebering_ghost_gozag,
          solitary_fountain
Lair:1:   layout_loops_ring, serial_bayou_shore_a
Lair:2:   layout_misc_corridors, minmay_swamp_entry_worms, serial_bayou_pond_d,
          serial_bayou_pond_c, serial_bayou_crossing, grunt_megastairs_4

Skill      XL: |  1  2  3  4  5  6  7  8  9 10 11 |
---------------+----------------------------------+-----
Short Blades   | 1 2 3 4 5 7 |  7.8
Stealth        | 4 5 6 7 8 |  8.1
Spellcasting   | 3 4 5 6 |  6.0
Hexes          | 4 5 6 7 8 9 10 | 10.4
Fighting       | 2 4 6 |  6.7
Dodging        | 3 4 5 |  5.5
Shields        | 3 |  3.1
Armour         | 2 |  2.2

Action                     |  1- 3 |  4- 6 |  7- 9 | 10-12 || total
---------------------------+-------+-------+-------+-------++-------
  Melee: Dagger            |    90 |   121 |   306 |   501 ||  1018
         Bite              |    15 |    28 |   108 |   201 ||   352
         Punch             |       |     2 |     5 |     4 ||    11
  Throw: Dart              |       |     5 |     3 |       ||     8
         Boomerang         |       |       |    13 |       ||    13
   Cast: Ensorcelled Hiber |     8 |    32 |    13 |       ||    53
         Confusing Touch   |       |       |    22 |    51 ||    73
 Invoke: Curse Item        |       |       |     6 |     1 ||     7
  Evoke: Wand              |       |     1 |       |     6 ||     7
    Use: Scroll            |     3 |     2 |     4 |       ||     9
         Potion            |       |       |       |     4 ||     4
   Stab: Sleeping          |    20 |    19 |    19 |     7 ||    65
         Confused          |       |       |    19 |    40 ||    59
         Distracted        |       |       |       |     1 ||     1
 Armour: Robe              |    13 |    22 |     3 |       ||    38
         Leather armour    |       |       |    51 |    74 ||   125
  Dodge: Dodged            |    34 |    69 |   107 |   205 ||   415
  Block: Buckler           |       |       |       |    27 ||    27
